Map: 紫晶浪漫-天梯版

Players

TIME (Oliveira) - Winner!

  • Race: Terran Terran
  • League: Grandmaster

CoffeeMs (Coffee)

  • Race: Terran Terran

Event: DreamHack SC2 Masters 2021 Summer

VOD

Have the link to the VOD?

Description

Time

  • Played on: May 29, 2021, 9 a.m.
  • Length: 12:36

All games in this series

Show
View Real Time Build Order
Export as new Build Order

TIME Terran - Winner!

Build Orders: Reaper Expand 

Get SALT Encoding   

  12  0:00  SCV  
  13  0:12  SCV  
  14  0:17  Supply Depot  
  14  0:24  SCV  
  15  0:39  SCV  
  15  0:40  Barracks  
  16  0:45  Refinery  
  16  0:51  SCV  
  17  1:03  SCV  
  18  1:15  SCV  
  19  1:28  Orbital Command  
  19  1:29  Reaper  
  20  1:38  Command Center  
  20  1:48  Supply Depot  
  20  1:53  SCV  
  21  2:00  Marine  
  22  2:06  SCV, Factory  
  23  2:15  Bunker  
  23  2:18  SCV, Marine  
  23  2:21  Refinery  
  25  2:30  SCV  
  25  2:36  Marine  
  27  2:42  SCV  
  28  2:50  Starport, Widow Mine  
  30  2:52  Orbital Command  
  30  2:54  SCV  
  30  2:55  Marine  
  32  3:08  SCV  
  32  3:12  Hellion  
  35  3:16  Refinery, Barracks Tech Lab  
  35  3:18  SCV  
  36  3:20  SCV  
  36  3:26  Supply Depot  
  37  3:30  SCV  
  37  3:32  SCV  
  39  3:34  Factory Tech Lab  
  39  3:38  Raven  
  41  3:43  Barracks Reactor, SCV  
  41  3:44  SCV  
  43  3:53  Command Center  
  43  3:56  SCV  
  43  3:57  SCV  
  43  4:02  Cyclone  
  48  4:08  SCV  
  48  4:09  SCV  
  50  4:21  Marine  
  50  4:22  Marine  
  50  4:23  Raven  
  53  4:25  SCV  
  53  4:29  SCV  
  53  4:41  Supply Depot  
  53  4:43  Marine  
  53  4:44  Refinery  
  53  4:45  Supply Depot  
  54  5:03  SCV x2, Marine, Siege Tank  
  53  5:15  Raven  
  53  5:19  SCV  
  53  5:20  Orbital Command  
  56  5:22  Barracks Reactor, Barracks  
  56  5:23  SCV  
  56  5:24  Barracks  
  57  5:29  Engineering Bay  
  57  5:30  Engineering Bay  
  57  5:33  SCV  
  57  5:35  SCV, Siege Tank  
  62  5:45  SCV x2  
  62  5:47  SCV  
  65  5:53  Supply Depot  
  65  5:57  SCV, Terran Infantry Weapons Level 1, Terran Infantry Armor Level 1  
  65  6:01  SCV  
  65  6:03  SCV  
  61  6:12  Viking x2, Siege Tank  
  61  6:13  Marine  
  69  6:25  Stimpack  
  67  6:26  SCV  
  67  6:27  SCV  
  67  6:28  SCV  
  67  6:29  Barracks Reactor  
  70  6:35  Supply Depot  
  70  6:36  Orbital Command  
  70  6:39  Marine  
  71  6:41  Barracks Reactor  
  71  6:45  Siege Tank  
  71  6:47  Viking  
  76  6:53  SCV  
  77  6:55  Viking  
  77  6:58  Marine  
  77  6:59  SCV  
  81  7:03  Orbital Command  
  81  7:07  Marine  
  82  7:15  Barracks  
  82  7:16  Barracks, Marine  
  82  7:18  SCV  
  82  7:22  Marine  
  85  7:23  Marine x2, Siege Tank  
  85  7:24  Viking  
  85  7:26  SCV  
  85  7:29  SCV  
  94  7:30  SCV  
  94  7:34  Marine x2  
  97  7:37  Sensor Tower  
  97  7:38  SCV  
  97  7:40  Marine, Viking  
  101  7:44  Refinery  
  101  7:45  Supply Depot  
  101  7:46  Supply Depot  
  101  7:47  SCV  
  101  7:55  Supply Depot  
  101  8:02  Armory  
  101  8:03  Barracks Reactor  
  101  8:04  Combat Shield  
  101  8:05  Barracks Reactor  
  101  8:06  SCV x3, Marine x2, Viking  
  101  8:07  Refinery  
  101  8:08  Supply Depot  
  101  8:09  Supply Depot  
  101  8:11  Marine x2  
  110  8:18  SCV x2, Viking  
  110  8:19  Sensor Tower  
  114  8:23  Siege Tank  
  114  8:25  SCV  
  118  8:30  SCV  
  118  8:31  Command Center  
  118  8:32  SCV  
  120  8:34  Marine  
  120  8:37  SCV, Marine  
  120  8:40  Viking  
  124  8:50  Marine x2  
  124  8:53  Marine x2  
  124  8:54  Marine x2  
  124  8:55  Terran Infantry Armor Level 2, Terran Infantry Weapons Level 2  
  127  8:57  SCV  
  127  8:58  SCV, Marine x3  
  127  9:00  Siege Tank  
  133  9:05  Supply Depot x2  
  133  9:08  SCV, Marine  
  136  9:10  SCV  
  136  9:11  Marine x2  
  136  9:14  Medivac  
  140  9:20  Marine, Supply Depot  
  140  9:21  Supply Depot  
  141  9:26  Marine, Terran Vehicle Weapons Level 1  
  141  9:27  Medivac  
  141  9:29  Missile Turret  
  144  9:32  Supply Depot  
  144  9:33  Missile Turret  
  144  9:34  Factory, Marine x2  
  144  9:35  Barracks Reactor  
  144  9:38  Siege Tank  
  149  9:39  Marine x2  
  149  9:40  Marine  
  149  9:45  Marine  
  153  9:48  SCV x3  
  153  9:51  Marine x2  
  153  9:52  Marine  
  159  9:54  Medivac  
  159  9:56  Medivac  
  163  10:02  Refinery  
  163  10:03  Marine x2  
  163  10:04  Refinery, Sensor Tower  
  163  10:07  SCV x2  
  167  10:09  Planetary Fortress  
  167  10:10  Marine  
  168  10:15  Missile Turret, Siege Tank  
  168  10:16  Marine, Missile Turret  
  168  10:17  Marine x2  
  168  10:20  SCV  
  168  10:21  SCV  
  176  10:23  Siege Tank  
  176  10:26  Marine x3  
  176  10:28  SCV  
  183  10:34  Marine  
  184  10:40  Marine x2  
  184  10:41  SCV  
  186  10:46  Starport  
  186  10:47  Starport, Marine x2  
  188  10:51  Command Center  
  188  10:58  Siege Tank  
  188  10:59  Siege Tank  
  188  11:04  Sensor Tower  
  194  11:08  Marine  
  194  11:09  Marine  
  196  11:27  Starport Tech Lab  
  196  11:33  Starport Tech Lab  
  196  11:35  Marine  
  190  11:45  Marine x2  
  190  11:46  Marine  
  174  11:47  Siege Tank x2  
  174  11:50  Raven  
  179  11:54  Marine x3  
  179  11:56  Command Center  
  179  11:57  Command Center  
  182  12:03  Marine x2  
  182  12:05  Marine x4  
  182  12:06  Marine  
  188  12:12  Marine x2  
  190  12:15  Marine  
  197  12:28  Command Center  
  199  12:30  Command Center  
Show
View Real Time Build Order
Export as new Build Order

CoffeeMs Terran 

Build Orders:  

Get SALT Encoding   

  12  0:00  SCV  
  13  0:12  SCV  
  14  0:16  Supply Depot  
  14  0:24  SCV  
  14  0:27  Refinery  
  15  0:38  SCV  
  16  0:45  Barracks  
  16  0:50  SCV  
  16  0:55  Refinery  
  17  1:02  SCV  
  18  1:14  SCV  
  20  1:32  Reaper, Orbital Command  
  20  1:35  Factory  
  20  1:45  Supply Depot  
  20  2:00  SCV  
  21  2:04  Reaper  
  22  2:12  SCV  
  23  2:19  Hellion  
  25  2:24  SCV  
  25  2:29  Command Center  
  26  2:38  Starport  
  26  2:41  SCV  
  26  2:42  Barracks Reactor  
  27  2:46  Factory Tech Lab  
  27  2:51  Supply Depot  
  27  2:55  SCV  
  28  3:05  Siege Tank  
  28  3:12  SCV  
  32  3:16  Medivac  
  32  3:19  Marine x2  
  36  3:24  SCV  
  37  3:35  Refinery  
  37  3:37  SCV  
  37  3:39  Marine  
  37  3:41  Marine  
  39  3:42  Orbital Command  
  39  3:48  Starport Tech Lab  
  40  3:50  Cyclone  
  40  3:55  SCV  
  44  4:04  Marine x2  
  44  4:07  SCV, Supply Depot  
  47  4:13  Raven  
  49  4:26  Marine  
  49  4:27  Marine  
  51  4:32  SCV  
  50  4:41  SCV, Siege Tank  
  50  4:44  SCV, Marine x2  
  57  4:53  SCV  
  57  4:56  SCV  
  57  4:59  Raven  
  61  5:02  Marine  
  61  5:03  Supply Depot  
  62  5:12  Marine  
  62  5:13  SCV  
  62  5:16  SCV  
  62  5:19  Siege Tank  
  62  5:20  Marine  
  61  5:25  SCV  
  61  5:28  SCV  
  63  5:29  Marine  
  64  5:37  SCV  
  64  5:38  Marine  
  64  5:40  SCV  
  64  5:41  Command Center  
  67  5:45  Raven  
  67  5:49  SCV, Supply Depot  
  70  5:56  Supply Depot  
  70  6:10  SCV x2  
  69  6:13  Marine x2  
  69  6:22  SCV  
  67  6:26  Siege Tank  
  67  6:27  SCV  
  67  6:30  Engineering Bay  
  67  6:32  Barracks x2  
  71  6:34  SCV  
  71  6:36  Engineering Bay  
  71  6:38  Viking x2, Stimpack  
  77  6:40  SCV  
  77  6:43  Marine  
  77  6:46  SCV  
  79  6:47  Refinery  
  79  6:56  SCV  
  79  6:58  SCV  
  81  7:04  Barracks  
  81  7:06  Barracks  
  81  7:08  Marine  
  81  7:09  Viking x2  
  81  7:10  SCV  
  81  7:11  SCV  
  88  7:23  SCV x2  
  88  7:24  Terran Infantry Armor Level 1, Terran Infantry Weapons Level 1  
  87  7:32  Orbital Command  
  87  7:34  Barracks Reactor x2  
  87  7:38  SCV x2  
  87  7:39  Marine  
  87  7:41  Viking, Medivac  
  94  7:49  Factory Tech Lab  
  94  7:50  SCV x2  
  96  7:55  Barracks Reactor x2  
  96  7:57  Marine  
  97  8:01  Refinery x2  
  97  8:02  SCV x2  
  97  8:03  SCV  
  97  8:05  Sensor Tower  
  100  8:14  SCV  
  100  8:18  Missile Turret  
  100  8:19  Supply Depot  
  101  8:26  Supply Depot  
  101  8:27  Supply Depot  
  101  8:29  Combat Shield  
  101  8:32  Marine x3  
  101  8:33  SCV x2, Siege Tank  
  109  8:41  SCV, Marine x2  
  112  8:45  SCV x2  
  109  8:53  SCV, Marine x6  
  101  8:59  Medivac x2  
  101  9:00  Marine x3  
  105  9:05  Siege Tank  
  106  9:10  Marine  
  106  9:12  Armory  
  106  9:15  Command Center  
  107  9:20  Marine x4  
  107  9:21  Marine x3  
  107  9:22  Marine  
  115  9:33  Medivac x2  
  115  9:37  Siege Tank  
  122  9:41  SCV x3  
  122  9:45  Sensor Tower, Supply Depot x2  
  125  9:46  Supply Depot  
  125  9:52  Missile Turret  
  125  9:59  Factory  
  125  10:00  Terran Infantry Weapons Level 2  
  125  10:02  Terran Infantry Armor Level 2  
  125  10:03  Medivac x2, Terran Vehicle Weapons Level 1  
  125  10:04  Barracks Reactor  
  129  10:17  Marine x6  
  129  10:18  Marine x2  
  137  10:23  Siege Tank  
  140  10:32  Starport  
  140  10:33  Viking x2  
  144  10:36  Starport  
  144  10:39  Marine x3  
  144  10:41  Marine x3  
  150  10:46  Factory Tech Lab  
  150  10:55  Siege Tank  
  149  10:58  Marine x2  
  149  10:59  Marine x5  
  156  11:06  Planetary Fortress  
  156  11:11  Starport Reactor, Supply Depot  
  156  11:12  Supply Depot, Fusion Core  
  156  11:13  Armory  
  156  11:16  Starport Reactor  
  156  11:17  Refinery, Siege Tank  
  156  11:18  Refinery  
  159  11:25  Marine x2  
  159  11:26  Marine x3  
  164  11:32  Marine x4  
  163  11:46  Liberator x2  
  150  11:47  Marine x2, Siege Tank  
  150  11:50  Marine x2  
  156  11:55  Supply Depot  
  156  11:56  Supply Depot  
  156  11:57  Supply Depot  
  156  12:02  Marine x2, Command Center  
  156  12:04  Marine  
  156  12:06  Marine  
  156  12:09  Marine  
  156  12:14  Supply Depot  
  156  12:16  Marine, Supply Depot  
  156  12:17  SCV x2  
Tags
 
Add a new tag
Caveats
  • Supply blocks, unpowered buildings, or Contaminate may cause inaccurate times.
  • Supply counts are checked every 10 seconds.